 Dungeon Crawl Stone Soup version 0.31-a0-358-gac0dbeb3ab (webtiles) character file.

Game seed: 16662457291142849340

3533556 Shard1697 the Blood Saint (level 26, 260/288 HPs)
             Began as a Demonspawn Reaver on July 25, 2023.
             Was the Champion of Makhleb.
             Escaped with the Orb
             ... and 5 runes!
             The game lasted 02:13:36 (59824 turns).

Shard1697 the Blood Saint (Demonspawn Reaver)      Turns: 59824, Time: 02:13:37

Health: 260/288    AC: 38    Str: 31    XL:     26   Next: 94%
Magic:  40/40      EV: 17    Int: 16    God:    Makhleb [******]
Gold:   2523       SH: 24    Dex: 14    Spells: 17/29 levels left

rFire   + + .        a - +8 mithril axe "Arga" {speed, Will+}
rCold   + + +        Z - +3 kite shield {AC+3}
rNeg    + . .        k - +6 chain mail of the Dragon {rElec rC+ Str+3}
rPois   +            t - +2 helmet {SInv}
rElec   +            m - +4 dragonskin cloak
rCorr   .            (gloves unavailable)
SInv    +            D - +0 pair of boots
Will    ++++.        v - amulet "Dapul" {Reflect rPois Str+2 SH+5}
Stlth   +            J - ring "Panug" {rF+++ rC+ rN+ Str-4 Dex+3}
HPRegen 0.68/turn    i - ring of Xom's Wantonness {rPois rF- Str+6 Slay+5}
MPRegen 0.27/turn

%: reflection, clarity
@: studying 3 skills
A: claws 3, icy blue scales 3, ignite blood 3, powered by death 3, robust 3, see
invisible, clarity, clumsy 1, strong-willed 2, poison resistance, strong 1,
subdued magic 3
0: Orb of Zot
}: 5/15 runes: decaying, serpentine, slimy, silver, abyssal
a: Renounce Religion, Minor Destruction, Lesser Servant of Makhleb, Major
Destruction, Greater Servant of Makhleb


You escaped.
You worshipped Makhleb.
Makhleb was exalted by your worship.
You visited 10 branches of the dungeon, and saw 52 of its levels.
You visited the Abyss 1 time.
You also visited: Bailey and Ice Cave.

You collected 11417 gold pieces.
You spent 8894 gold pieces at shops.

Inventory:

Hand Weapons
 a - the +8 mithril axe "Arga" (weapon) {speed, Will+}
   (You found it on level 3 of the Vaults)

   Will:      It increases your willpower.
 b - a +8 morningstar of freezing
Missiles
 I - 2 throwing nets
Armour
 k - the +6 chain mail of the Dragon (worn) {rElec rC+ Str+3}
   (You found it on level 2 of the Snake Pit)

   Str:       It affects your strength (+3).
   rC:        It protects you from cold.
   rElec:     It insulates you from electricity.
 m - the +4 dragonskin cloak (worn)
   (You took it off Tiamat on level 4 of the Realm of Zot)

   Avatar's Aegis: It grants the wearer a chance to resist fire, cold, poison,
   electricity, acid, and negative energy.
 t - a +2 helmet of see invisible (worn)
 D - a +0 pair of boots (worn)
 K - a +4 plate armour of fire resistance
 L - a +1 cloak of preservation
 Z - a +3 kite shield of protection (worn)
Jewellery
 i - the ring of Xom's Wantonness (right claw) {rPois rF- Str+6 Slay+5}
   (You found it on level 1 of the Vaults)

   [ring of poison resistance]

   Str:       It affects your strength (+6).
   Slay:      It affects your accuracy & damage with ranged weapons and melee
   (+5).
   rF:        It makes you vulnerable to fire.
   rPois:     It protects you from poison.
 v - the amulet "Dapul" (around neck) {Reflect rPois Str+2 SH+5}
   (You found it on level 1 of the Vaults)

   [amulet of reflection]

   It reflects blocked missile attacks.
   Str:       It affects your strength (+2).
   rPois:     It protects you from poison.
   SH:        It affects your SH (+5).
 J - the ring "Panug" (left claw) {rF+++ rC+ rN+ Str-4 Dex+3}
   (You took it off a deep elf death mage on level 3 of the Elven Halls)

   [ring of protection from cold]

   Str:       It affects your strength (-4).
   Dex:       It affects your dexterity (+3).
   rF:        It renders you almost immune to fire.
   rC:        It protects you from cold.
   rN:        It protects you from negative energy.
 P - a ring of resist corrosion
 R - the ring of Ashenzari's Generosity {Fly rPois rN++ Will+}
   (You bought it in a shop on level 12 of the Dungeon)

   [ring of willpower]

   rPois:     It protects you from poison.
   rN:        It greatly protects you from negative energy.
   Fly:       It grants you flight.
   Will:      It increases your willpower.
Wands
 f - a wand of paralysis (91)
 h - a wand of iceblast (58)
 r - a wand of polymorph (34)
 y - a wand of mindburst (58)
 E - a wand of quicksilver (49)
 O - a wand of digging (6)
Scrolls
 c - 12 scrolls of fear
 j - 30 scrolls of identify
 l - 25 scrolls of teleportation
 B - a scroll of silence
 F - 5 scrolls of summoning
 G - 5 scrolls of fog
 H - 3 scrolls of amnesia
 T - 4 scrolls of poison
 W - 3 scrolls of brand weapon
 X - 2 scrolls of revelation
Potions
 e - 29 potions of curing
 g - a potion of heal wounds
 n - 2 potions of haste
 o - a potion of cancellation
 q - 2 potions of ambrosia
 s - 3 potions of mutation
 w - 7 potions of invisibility
 A - 8 potions of brilliance
 C - 10 potions of lignification
 M - 5 potions of magic
 U - 5 potions of enlightenment
 Y - a potion of berserk rage
Miscellaneous
 u - a phantom mirror
 N - a tin of tremorstones (2/2)
 V - a phial of floods


   Skills:
 + Level 21.0 Fighting
 - Level 15.7(18.4) Axes
 - Level 16.0(18.5) Maces & Flails
 - Level 16.4 Armour
 + Level 16.2 Dodging
 - Level 8.0 Stealth
 + Level 23.0 Shields
 - Level 2.0 Spellcasting
 - Level 3.0 Conjurations
 - Level 3.0 Necromancy
 - Level 8.2 Translocations
 O Level 27 Invocations
 - Level 16.0 Evocations


You had 17 spell levels left.
You knew the following spells:

 Your Spells              Type           Power      Damage    Failure   Level
a - Kiss of Death         Conj/Necr      20%        2d7       10%         1
b - Blink                 Tloc           28%        N/A       1%          2
d - Vhi's Electric Charg  Tloc/Air       14%        N/A       21%         3
e - Passage of Golubria   Tloc           14%        N/A       11%         4
f - Lesser Beckoning      Tloc           28%        N/A       1%          2

Your spell library contained the following spells:

 Spells                   Type           Power      Damage    Failure   Level
 Gell's Gravitas          Tloc           14%        N/A       2%          3
 Teleport Other           Tloc           14%        N/A       2%          3
 Momentum Strike          Conj/Tloc      20%        3d8       4%          2
 Magic Dart               Conj           20%        1d4       10%         1
 Manifold Assault         Tloc           14%        N/A       11%         4
 Shock                    Conj/Air       12%        1d3       19%         1
 Volatile Blastmotes      Fire/Tloc      14%        2d11      21%         3
 Sting                    Tmut/Pois      0%         1d3       36%         1
 Summon Small Mammal      Summ           0%         N/A       36%         1
 Cigotuvi's Dreadful Rot  Necr/Pois/Air  4%         N/A       36%         2
 Iskenderun's Mystic Bla  Conj/Tloc      10%        2d4       36%         4
 Call Imp                 Summ           0%         N/A       52%         2
 Ensorcelled Hibernation  Hex/Ice        0%         N/A       52%         2
 Passwall                 Tmut/Erth      0%         N/A       52%         2
 Poisonous Vapours        Pois/Air       0%         N/A       52%         2
 Wereblood                Tmut           0%         N/A       52%         2
 Dazzling Flash           Conj/Hex       6%         N/A       54%         3
 Hailstorm                Conj/Ice       3%         3d3       54%         3
 Mephitic Cloud           Conj/Pois/Air  2%         N/A       63%         3
 Call Canine Familiar     Summ           0%         N/A       77%         3
 Confusing Touch          Hex            0%         N/A       77%         3
 Frozen Ramparts          Ice            0%         1d1       77%         3
 Ignite Poison            Fire/Tmut/Pois 0%         N/A       77%         3
 Inner Flame              Hex/Fire       0%         N/A       77%         3
 Ozocubu's Armour         Ice            0%         N/A       77%         3
 Summon Guardian Golem    Hex/Summ       0%         N/A       77%         3
 Swiftness                Air            0%         N/A       77%         3
 Tukima's Dance           Hex            0%         N/A       77%         3
 Animate Dead             Necr           5%         N/A       77%         4
 Dispel Undead            Necr           5%         3d7       77%         4
 Summon Forest            Summ/Tloc      3%         N/A       92%         5
 Anguish                  Hex/Necr       1%         N/A       93%         4
 Flame Wave               Conj/Fire      3%         2d5       93%         4
 Fulminant Prism          Conj/Hex       1%         3d5       93%         4
 Sticky Flame             Conj/Fire      3%         2d3       93%         4
 Agony                    Necr           5%         N/A       98%         5
 Iskenderun's Battlesphe  Conj           5%         2d6       98%         5
 Animate Armour           Summ/Erth      0%         N/A       99%         4
 Cause Fear               Hex            0%         N/A       99%         4
 Leda's Liquefaction      Hex/Erth       0%         N/A       99%         4
 Olgreb's Toxic Radiance  Pois           0%         N/A       99%         4
 Petrify                  Tmut/Erth      0%         N/A       99%         4
 Summon Lightning Spire   Summ/Air       0%         N/A       99%         4
 Alistair's Intoxication  Tmut/Pois      0%         N/A       100%        5
 Arcjolt                  Conj/Air       1%         1d11      100%        5
 Borgnjor's Vile Clutch   Necr/Erth      1%         N/A       100%        5
 Fireball                 Conj/Fire      1%         3d3       100%        5
 Freezing Cloud           Conj/Ice/Air   1%         6-21      100%        5
 Irradiate                Conj/Tmut      1%         3d12      100%        5
 Lee's Rapid Deconstruct  Erth           0%         3d4*      100%        5
 Metabolic Englaciation   Hex/Ice        0%         N/A       100%        5
 Silence                  Hex/Air        0%         N/A       100%        5
 Summon Mana Viper        Hex/Summ       0%         N/A       100%        5
 Yara's Violent Unravell  Hex/Tmut       0%         3d3       100%        5
 Conjure Ball Lightning   Conj/Air       1%         3x3d6     100%        6
 Death Channel            Necr           2%         N/A       100%        6
 Eringya's Noxious Bog    Tmut/Pois      0%         4d6       100%        6
 Leda's Unmaking          Conj/Erth      1%         9d1       100%        6
 Plasma Beam              Fire/Air       0%         2x1d10    100%        6
 Starburst                Conj/Fire      1%         6d3       100%        6
 Haunt                    Necr/Summ      1%         N/A       100%        7
 Monstrous Menagerie      Summ           0%         N/A       100%        7
 Orb of Destruction       Conj           2%         9d5       100%        7
 Ozocubu's Refrigeration  Ice            0%         4d7       100%        7
 Spellforged Servitor     Conj/Summ      1%         N/A       100%        7
 Summon Hydra             Summ           0%         N/A       100%        7
 Borgnjor's Revivificati  Necr           2%         N/A       100%        8
 Discord                  Hex            0%         N/A       100%        8
 Ignition                 Fire           0%         3d3       100%        8
 Infestation              Necr           2%         N/A       100%        8
 Maxwell's Capacitive Co  Air            0%         ∞         100%        8
 Summon Horrible Things   Summ           0%         N/A       100%        8
 Death's Door             Necr           2%         N/A       100%        9
 Dragon's Call            Summ           0%         N/A       100%        9


Dungeon Overview and Level Annotations

Branches:
Dungeon (15/15)            Temple (0/1) D:4            Lair (5/5) D:11
  Swamp (4/4) Lair:3        Snake (4/4) Lair:2        Slime (5/5) Lair:4
    Orc (2/2) D:12            Elf (3/3) Orc:2        Vaults (5/5) D:14
  Crypt (0/3) Vaults:2     Depths (4/4) D:15            Zot (5/5) Depths:4
 Bailey (visited)           IceCv (visited)

Altars:
Ashenzari
Cheibriados
Gozag
Hepliaklqana
Kikubaaqudgha
Makhleb
Nemelex Xobeh
Okawaru
Ru
Sif Muna
Trog
Uskayaw
Vehumet
Wu Jian
Xom
Jiyva

Shops:
D:8 [   D:10 ?   D:12 =   D:14 :   D:15 ?(   Orc:2 (*=[[   Elf:2 !   Vaults:1 :
Vaults:3 (   Vaults:4 ?[*   Depths:3 ==:

Portals:
Hell: Depths:1 Depths:2 Depths:3 Depths:4
Abyss: Depths:1 Depths:2 Depths:3
Pandemonium: Depths:2 Depths:3 Depths:4
Ziggurat: Depths:1
Trove: D:11 (give 14 scrolls of teleportation)

Annotations:
Lair:1 1 runed translucent door, Dittersdorf's ghost, journeyman GrFi
Snake:1 2 transporters, exclusion: orange crystal statue
Snake:2 helm vault, speeeev's ghost, adept MiBe
Orc:1 3 runed translucent doors, Fyreb's ghost, journeyman MiBe
Zot:4 3 runed translucent doors, Deah Kuhairgh's ghost, legendary GnIE


Innate Abilities, Weirdness & Mutations

You have claws for hands.
You are completely covered in icy blue scales. (AC +4, rC+)
Your demonic aura causes all spilled blood to erupt in flames.
You regenerate a lot of health from kills.
You are extremely robust. (+30% HP)
You have supernaturally acute eyesight. (SInv)
You possess an exceptional clarity of mind.
You are clumsy. (Dex -2)
You are highly strong-willed. (Will++)
Your system is resistant to poisons. (rPois)
Your muscles are strong. (Str +4, Int/Dex -1)
Your spells are much easier to cast, but much less powerful.


Message History

The Brimstone Fiend is severely wounded.
You hit the Brimstone Fiend but do no damage.
The Brimstone Fiend is severely wounded.
The Brimstone Fiend hits you!
You block the Brimstone Fiend's attack. x2
You slash the Brimstone Fiend!
The Brimstone Fiend is severely wounded.
The Brimstone Fiend hits you but does no damage.
The Brimstone Fiend closely misses you.
The Brimstone Fiend hits you but does no damage.
You barely miss the Brimstone Fiend.
The Brimstone Fiend is severely wounded.
You slice the Brimstone Fiend like a ripe choko!!!
You kill the Brimstone Fiend!
Makhleb accepts your kill.
You feel better.
An Orb Guardian comes into view.
There is a stone staircase leading up here.
The Orb Guardian is engulfed in blazing flames.
You slash the Orb Guardian!
The Orb Guardian is moderately wounded.
You block the Orb Guardian's attack.
You slash the Orb Guardian!
The Orb Guardian is moderately wounded.
You chop the Orb Guardian into pieces!!!
The Orb Guardian is almost dead.
The Orb Guardian barely misses you.
You slash the Orb Guardian!
You kill the Orb Guardian!
Makhleb accepts your kill.
You feel better.
You start resting.
A hellion comes into view.
The hellion gives a hideous shriek!
You climb upwards.
There is a stone staircase leading down here.
There is a dry fountain here.
There is an escape hatch in the ceiling here.
A mysterious force pulls you upwards. The hatch slams shut behind you.
There is a staircase leading out of the dungeon here.
You have escaped!

.###...(...#####.# #.#
.###.....#####>#.# #.#
.......#####.....# #.#
#####.####.......# #.##
........#......### #...
.............###### #.##
####.##....####...########## #.#
.###.##'####.#>........#...###.#
........#.......@......#.#.##..#
####.....(.....##......#......##
####.#########..#......#...####
...........#...............#
####.#####.#.###..##.....#.#
...........#.............#.#
.................#.#.##..#.#
.................#>...#..#.#
.................#...##..#.######


There were no monsters in sight!

Vanquished Creatures
  the Royal Jelly (Slime:5)
  A pandemonium lord (D:11)
  A dread lich (Zot:5)
  Tiamat (Zot:4)
  13 orbs of fire
  An ancient lich (Zot:5)
  A juggernaut (Zot:4)
  Sojobo (Depths:4)
  2 Killer Klowns (Zot:5)
  Nikola (Swamp:2)
  13 golden dragons
  4 bone dragons
  A Tzitzimitl (Zot:3)
  3 electric golems
  An iron giant (Zot:5)
  A Brimstone Fiend (D:3)
  2 doom hounds (Zot:3)
  24 tentacled monstrosities
  3 liches
  2 deep elf master archers (Elf:3)
  The ghost of Rinoumap the Peltast, an adept TrCK of Ru (Vaults:1)
  Grunn (Zot:3)
  26 Orb Guardians
  6 titans
  A walking earthen tome (Depths:3)
  12 death cobs
  24 acid blobs
  2 deep elf blademasters
  6 quicksilver dragons
  The ghost of Konionua the Bewitcher, an adept KoEn of Dithmenos (Vaults:1)
  The ghost of Naox the Unseen, an adept KoAr of Uskayaw (Vaults:1)
  A thorn hunter (Swamp:4)
  2 sphinxes
  2 tentacled starspawn (Abyss:3)
  An ancient champion (Vaults:2)
  19 storm dragons
  13 draconian monks
  9 tengu reavers
  11 rockslimes
  4 azure jellies
  8 nagarajas
  8 frost giants
  9 shadow dragons
  6 draconian knights
  7 draconian scorchers
  16 vault wardens
  4 deep elf sorcerers
  8 fire giants
  A balrug (D:5)
  4 ghost moths
  Louise (Depths:3)
  5 iron dragons
  6 deep elf elementalists
  2 draconian annihilators (Zot:5)
  11 draconian shifters
  A ghoul (Vaults:2)
  3 orc warlords (Vaults:1)
  A spriggan defender (Depths:3)
  4 draconian stormcallers
  3 war gargoyles
  A reaper (Zot:3)
  8 quicksilver oozes
  15 ironbound preservers
  27 very ugly things
  12 stone giants
  9 ironbound thunderhulks
  A cacodemon (Abyss:3)
  6 formless jellyfish
  7 green draconians
  A juggernaut skeleton (Depths:3)
  11 deep elf annihilators
  10 black draconians
  3 deep elf demonologists (Elf:3)
  7 vampire knights
  7 grey draconians (Zot:4)
  A dire elephant (Vaults:3)
  11 red draconians
  23 yellow draconians
  6 bunyips
  3 eleionomae
  6 starcursed masses (Abyss:3)
  22 purple draconians
  18 white draconians
  3 spark wasps (Depths:3)
  14 deep elf death magi
  2 crystal guardians (Vaults:4)
  15 ettins
  13 yaktaur captains
  Josephine (D:10)
  4 fire dragons
  15 great orbs of eyes
  10 deep elf high priests
  2 jiangshi (Depths:2)
  An entropy weaver (Vaults:2)
  A spriggan zombie (Depths:1)
  8 ice dragons
  3 peacekeepers
  39 vault guards
  A ghost crab (Swamp:1)
  2 ogre magi
  A jorogumo (shapeshifter) (Elf:2)
  4 spriggan air magi
  5 rakshasas
  13 hydras
  5 catoblepae
  10 ironbound frosthearts
  12 alligators
  7 boulder beetles
  9 centaur warriors
  A death knight (D:13)
  4 two-headed ogres
  3 deep troll earth magi
  9 anacondas
  14 naga warriors
  9 deep troll shamans
  An anaconda (shapeshifter) (Vaults:4)
  A two-headed ogre (shapeshifter) (Vaults:3)
  12 death yaks
  A hell hog (Abyss:3)
  6 tengu warriors
  4 orc high priests
  A vampire mage (Depths:2)
  13 naga sharpshooters
  5 thrashing horrors (Abyss:3)
  29 dancing weapons
  Urug (D:12)
  A spriggan berserker (Depths:3)
  5 sun demons
  A demonic crawler (Abyss:3)
  3 shock serpents
  3 wretched stars (Abyss:3)
  Sonja (D:10)
  9 deep elf knights
  A skyshark (Lair:5)
  4 goliath frogs
  A sixfirhy (Abyss:3)
  A soul eater (Depths:4)
  A fire crab (shapeshifter) (D:14)
  A fire crab (D:11)
  5 sea snakes (Snake:4)
  14 iron trolls
  3 skeletal warriors
  3 salamander mystics
  8 spriggan druids
  A death drake (shapeshifter) (Vaults:5)
  13 swamp dragons
  7 spatial maelstroms (Abyss:3)
  A death drake (Swamp:4)
  34 deep trolls
  2 glowing orange brains
  2 shadow demons
  A tengu zombie (Depths:1)
  3 naga ritualists
  A shadow wraith (Vaults:5)
  11 phantasmal warriors
  9 harpies (Vaults:4)
  10 lindwurms
  15 orc knights
  A golden dragon skeleton (Depths:3)
  7 wizards
  16 ironbound convokers
  35 deep elf pyromancers
  8 deep elf archers
  8 necromancers
  4 bog bodies
  13 mana vipers
  5 orc sorcerers
  18 ugly things
  4 oklob plants
  35 deep elf zephyrmancers
  4 shining eyes (Slime:5)
  2 cyclopes (shapeshifter)
  6 will-o-the-wisps
  13 salamanders
  A tengu skeleton (Vaults:2)
  23 moths of wrath
  A frost giant zombie (Depths:3)
  4 worldbinders (Abyss:3)
  8 cyclopes
  The ghost of hashsling the Trooper, a novice GrGl (D:5)
  A manticore (D:15)
  A fire giant zombie (Depths:1)
  A shadow dragon skeleton (Depths:3)
  An iron dragon skeleton (Depths:3)
  Maurice (D:13)
  2 rust devils (Depths:4)
  26 black mambas
  7 elephants (Lair:5)
  An elephant (shapeshifter) (Vaults:5)
  An ice statue (IceCv)
  A moth of wrath (shapeshifter) (Vaults:5)
  19 vault sentinels
  8 guardian serpents
  3 fire giant skeletons (Vaults:2)
  An eye of devastation (shapeshifter) (Depths:4)
  An eye of devastation (Slime:2)
  7 naga magi
  4 orange demons
  2 hellions
  2 gargoyles
  14 cane toads
  The ghost of lessens the Cleaver, a novice FoFi of Trog (D:5)
  5 smoke demons
  6 unseen horrors (Depths:1)
  Maggie (Lair:1)
  4 kobold demonologists
  33 yaktaurs
  A yaktaur (shapeshifter) (D:15)
  3 efreet
  7 rime drakes
  An ice devil (Depths:4)
  A red devil (Depths:2)
  10 komodo dragons
  3 tengu conjurers
  A tormentor (Abyss:3)
  2 freezing wraiths
  2 ancient zymes (Abyss:3)
  A komodo dragon (shapeshifter) (D:15)
  A yaktaur skeleton (Vaults:2)
  6 trolls
  A queen bee (shapeshifter) (D:13)
  A harpy zombie (Abyss:3)
  3 meliai
  8 tyrant leeches
  2 hellwings
  17 polar bears
  8 hornets
  7 raiju (Abyss:3)
  A wind drake (shapeshifter) (Elf:1)
  A raiju (shapeshifter) (D:14)
  A wolf spider simulacrum (D:14)
  4 blink frogs (Lair:3)
  A frost giant simulacrum (Depths:1)
  71 slime creatures
  A ynoxinul (Abyss:3)
  2 air elementals
  2 centaur simulacra (D:12)
  8 water elementals
  6 wraiths
  7 wyverns
  2 shadows
  2 vampires
  23 spriggans
  A basilisk (shapeshifter) (Elf:3)
  3 golden eyes (Slime:3)
  87 yaks
  9 fire elementals
  3 steam dragons
  6 basilisks
  The ghost of Newt the Changeling, an amateur DsSh (D:5)
  9 vampire mosquitoes
  4 neqoxecs
  10 large abominations
  6 chaos spawn
  Menkaure (D:6)
  13 swamp worms
  15 spatial vortices (Abyss:3)
  3 wargs
  3 acid dragons
  33 nagas
  17 water moccasins
  2 hell hounds (D:13)
  2 floating eyes
  8 swamp drakes
  A swamp drake (shapeshifter) (Vaults:5)
  A meliai simulacrum (D:12)
  26 orc warriors
  3 sky beasts
  9 small abominations
  5 ice beasts
  A black bear (D:6)
  11 ogres
  28 wolves
  4 centaurs
  4 phantoms
  6 kobold brigands
  16 bullfrogs
  3 gnoll sergeants
  A scorpion (D:4)
  7 wights
  4 howler monkeys
  3 electric eels
  A vampire bat (D:8)
  3 quasits (Abyss:3)
  19 orc priests
  3 hounds
  3 iron imps (D:11)
  29 jellies
  Ijyb (D:5)
  A sleepcap (D:4)
  20 orc wizards
  Natasha (twice) (D:3)
  2 iguanas
  Robin (D:3)
  12 gnolls
  10 adders
  A shadow imp (D:7)
  8 white imps
  3 ufetubi
  2 worms (D:2)
  4 dart slugs
  65 orcs
  12 ball pythons
  2 bats
  4 bat skeletons (D:8)
  A bat zombie (D:8)
  9 endoplasms
  3 giant cockroaches
  15 goblins
  11 hobgoblins
  6 jackals
  18 kobolds
  4 quokkas
  4 frilled lizards
  7 rats
  A lurking horror (Abyss:3)
  4 starspawn tentacles (Abyss:3)
2281 creatures vanquished.

Vanquished Creatures (collateral kills)
  A dread lich (Zot:5)
  2 Orb Guardians (Zot:5)
  An electric golem (Zot:5)
  A quicksilver dragon (Zot:5)
  A rockslime (Slime:5)
  A deep elf elementalist (Elf:3)
  Azrael (D:13)
  A deep elf death mage (Elf:3)
  A dancing weapon (Elf:2)
  An orc high priest (Orc:2)
  A deep elf pyromancer (Elf:2)
  3 deep elf zephyrmancers (Elf:2)
  A meliai (D:15)
  A water elemental (Elf:2)
  An earth elemental (Elf:2)
  An ufetubus (D:15)
  2 orcs (Elf:2)
21 creatures vanquished.

Vanquished Creatures (others)
  A tentacled monstrosity (Zot:4)
  A tengu reaver (Depths:4)
  2 storm dragons (Zot:4)
  3 draconian monks (Zot:4)
  A draconian shifter (Zot:4)
  3 draconian scorchers (Zot:4)
  A ghost moth (Zot:4)
  A draconian stormcaller (Zot:4)
  4 black draconians (Zot:4)
  A green draconian (Zot:4)
  3 red draconians
  A white draconian (Zot:4)
  A swamp dragon (Swamp:4)
  A deep elf pyromancer (Elf:1)
  Psyche (D:8)
  An air elemental (Elf:2)
  3 water elementals (Elf:2)
  3 vampire mosquitoes (Swamp:2)
  A swamp worm (Swamp:3)
  An orc warrior (Elf:2)
  2 orc wizards
  2 orcs
  32 foxfires
  6 starspawn tentacles (Abyss:3)
76 creatures vanquished.

Grand Total: 2378 creatures vanquished

Notes
Turn   | Place    | Note
-------+----------+-------------------------------------------
     0 | D:1      | Shard1697 the Demonspawn Reaver began the quest for the
                  | Orb.
     0 | D:1      | Reached XP level 1. HP: 16/16 MP: 3/3
   212 | D:1      | Gained mutation: Your demonic aura sometimes causes spilled
                  | blood to erupt in flames. [demonic ancestry]
   212 | D:1      | Reached XP level 2. HP: 18/22 MP: 5/5
   263 | D:1      | Reached skill level 1 in Necromancy
   674 | D:1      | Gained mutation: You are partially covered in icy blue
                  | scales. (AC +2) [demonic ancestry]
   674 | D:1      | Reached XP level 3. HP: 27/27 MP: 6/6
  1418 | D:2      | Found a faded altar of an unknown god.
  1881 | D:2      | Reached XP level 4. HP: 21/33 MP: 7/7
  2670 | D:3      | Noticed Natasha
  2712 | D:3      | Killed Natasha
  2765 | D:3      | Noticed Robin
  2774 | D:3      | Gained mutation: Your demonic aura often causes spilled
                  | blood to erupt in flames. [demonic ancestry]
  2774 | D:3      | Reached XP level 5. HP: 32/38 MP: 8/8
  2790 | D:3      | Killed Robin
  3020 | D:3      | Reached skill level 5 in Maces & Flails
  3291 | D:3      | Noticed Natasha
  3296 | D:3      | Killed Natasha
  3392 | D:3      | Found a hide-covered altar of Uskayaw.
  3512 | D:4      | Gained mutation: You regenerate a little health from kills.
                  | [demonic ancestry]
  3512 | D:4      | Reached XP level 6. HP: 43/44 MP: 9/9
  3651 | D:4      | Found an iron altar of Okawaru.
  3662 | D:4      | Found a hazy altar of Hepliaklqana.
  3665 | D:4      | Found a burning altar of Makhleb.
  3674 | D:4      | Became a worshipper of Makhleb the Destroyer
  3764 | D:4      | Noticed a steam dragon
  3772 | D:4      | Killed a steam dragon
  3773 | D:4      | Reached XP level 7. HP: 31/50 MP: 10/10
  3838 | D:4      | Found a sacrificial altar of Ru.
  3943 | D:4      | Found a staircase to the Ecumenical Temple.
  4114 | D:5      | Entered Level 5 of the Dungeon
  4497 | D:5      | Found a runed translucent gate.
  4497 | D:5      | Found a runed translucent gate.
  4497 | D:5      | Found a runed translucent gate.
  4498 | D:5      | Noticed Newt's ghost (amateur DsSh)
  4498 | D:5      | Noticed lessens's ghost (novice FoFi)
  4499 | D:5      | Noticed hashsling's ghost (novice GrGl)
  4625 | D:5      | Noticed Ijyb
  4648 | D:5      | Killed Ijyb
  4771 | D:5      | Gained mutation: You regenerate health from kills. [demonic
                  | ancestry]
  4771 | D:5      | Reached XP level 8. HP: 44/60 MP: 11/11
  5393 | D:6      | Reached skill level 5 in Fighting
  5525 | D:6      | Reached * piety under Makhleb
  5619 | D:6      | Noticed Menkaure
  5629 | D:6      | Killed Menkaure
  5630 | D:6      | Reached skill level 1 in Invocations
  5794 | D:7      | Gained mutation: You are mostly covered in icy blue scales.
                  | (AC +3) [demonic ancestry]
  5794 | D:7      | Reached XP level 9. HP: 71/71 MP: 12/12
  5826 | D:7      | Noticed a troll
  5836 | D:7      | Killed a troll
  5837 | D:7      | Reached skill level 2 in Invocations
  6020 | D:7      | Reached skill level 3 in Invocations
  6179 | D:7      | Reached skill level 10 in Maces & Flails
  6179 | D:7      | Reached skill level 4 in Invocations
  6436 | D:8      | Found a radiant altar of Vehumet.
  6470 | D:8      | Noticed Psyche
  6475 | D:8      | Paralysed by something for 2 turns
  6478 | D:8      | Killed Psyche
  6592 | D:8      | Reached skill level 5 in Invocations
  6592 | D:8      | Gained mutation: You have sharp fingernails. [demonic
                  | ancestry]
  6592 | D:8      | Reached XP level 10. HP: 59/78 MP: 13/13
  6696 | D:8      | Reached ** piety under Makhleb
  6706 | D:8      | Found an ancient bone altar of Kikubaaqudgha.
  7139 | D:8      | Found Carrymp's Antique Armour Shop.
  7144 | D:8      | Bought a faintly glowing chain mail for 180 gold pieces
  7144 | D:8      | Identified the +0 chain mail "Efis" {Regen+ Str+3} (You
                  | bought it in a shop on level 8 of the Dungeon)
  7316 | D:9      | Found a viscous altar of Jiyva.
  7375 | D:9      | Found a flagged portal.
  7386 | D:9      | Identified the +0 halberd of the Snake Pit {heavy, Will+
                  | Str+2}
  7414 | Bailey   | Entered a bailey
  7428 | Bailey   | Reached skill level 6 in Invocations
  7578 | Bailey   | Noticed a two-headed ogre
  7631 | Bailey   | Killed a two-headed ogre
  7632 | Bailey   | Reached skill level 7 in Invocations
  7686 | Bailey   | Reached skill level 8 in Invocations
  7686 | Bailey   | Gained mutation: You are completely covered in icy blue
                  | scales. (AC +4, rC+) [demonic ancestry]
  7686 | Bailey   | Reached XP level 11. HP: 93/93 MP: 15/17
  7764 | D:9      | Reached skill level 1 in Armour
  7828 | D:9      | Found a bloodstained altar of Trog.
  7830 | D:9      | Found a broken altar of Ashenzari.
  7832 | D:9      | Found an ornate altar of the Wu Jian Council.
  7846 | D:9      | Reached skill level 9 in Invocations
  7846 | D:9      | Found a snail-covered altar of Cheibriados.
  7847 | D:9      | Found a shimmering altar of Xom.
  7884 | D:9      | Reached *** piety under Makhleb
  8025 | D:9      | Gained mutation: You have very sharp fingernails. [demonic
                  | ancestry]
  8025 | D:9      | Reached XP level 12. HP: 100/100 MP: 18/18
  8194 | D:10     | Entered Level 10 of the Dungeon
  8264 | D:10     | Noticed Josephine
  8274 | D:10     | Killed Josephine
  8338 | D:10     | Found Geaqautz's Magic Scroll Shop.
  8589 | D:10     | Noticed Sonja
  8597 | D:10     | Killed Sonja
  8651 | D:10     | Found an opulent altar of Gozag.
  8809 | D:10     | Noticed a two-headed ogre
  8818 | D:10     | Killed a two-headed ogre
  8819 | D:10     | Reached skill level 10 in Invocations
  8843 | D:11     | Found a staircase to the Lair.
  8879 | D:11     | Reached skill level 5 in Armour
  8886 | D:11     | Reached **** piety under Makhleb
  8915 | D:11     | Noticed a boulder beetle
  8949 | D:11     | Noticed a two-headed ogre
  8951 | D:11     | Killed a boulder beetle
  8960 | D:11     | Killed a two-headed ogre
  9095 | D:11     | Found a portal to a secret trove of treasure.
  9300 | D:11     | Noticed a boulder beetle
  9325 | D:11     | Killed a boulder beetle
  9628 | D:11     | Found a burning altar of Makhleb.
  9808 | D:12     | Found a frozen archway.
  9811 | D:12     | Noticed an ice dragon
  9822 | D:12     | Reached skill level 1 in Shields
  9830 | D:12     | Killed an ice dragon
  9850 | IceCv    | Entered an ice cave
  9889 | IceCv    | Reached skill level 11 in Invocations
  9969 | IceCv    | Gained mutation: You have claws for hands. [demonic
                  | ancestry]
  9969 | IceCv    | Reached XP level 13. HP: 48/106 MP: 21/21
 10453 | IceCv    | Reached ***** piety under Makhleb
 10468 | IceCv    | Reached skill level 5 in Shields
 10527 | IceCv    | Noticed a frost giant
 10539 | IceCv    | Killed a frost giant
 10560 | IceCv    | Identified the +6 scale mail "Xemediun" {*Slow rF+ rN+++
                  | Dex+4}
 10574 | IceCv    | Identified the +2 sling "Gorhug" {drain, rElec}
 10707 | D:12     | Reached skill level 12 in Invocations
 10842 | D:12     | Noticed Urug
 10854 | D:12     | Killed Urug
 10855 | D:12     | Found a staircase to the Orcish Mines.
 10879 | D:12     | Found Alaokkun's Vocational Training.
 11007 | D:12     | Reached skill level 15 in Maces & Flails
 11080 | D:12     | Found Vipn's Jewellery Shop.
 11096 | D:12     | Gained mutation: Armour fits poorly on your strangely
                  | shaped body. [a neqoxec]
 11122 | D:12     | Lost mutation: Armour fits poorly on your strangely shaped
                  | body. [potion of mutation]
 11122 | D:12     | Gained mutation: Your spells are a little harder to cast,
                  | but a little more powerful. [potion of mutation]
 11122 | D:12     | Gained mutation: You occasionally lose the ability to read
                  | scrolls when taking damage. [potion of mutation]
 11122 | D:12     | Lost mutation: Your spells are a little harder to cast, but
                  | a little more powerful. [potion of mutation]
 11122 | D:12     | Gained mutation: You possess an exceptional clarity of
                  | mind. [potion of mutation]
 11305 | D:10     | Bought a scroll of acquirement for 520 gold pieces
 11306 | D:10     | Acquired 656 gold pieces
 11361 | D:12     | Bought the ring of Ashenzari's Generosity {Fly rPois rN++
                  | Will+} for 536 gold pieces
 11425 | Lair:1   | Entered Level 1 of the Lair of Beasts
 11437 | Lair:1   | Noticed Maggie
 11464 | Lair:1   | Killed Maggie
 11696 | Lair:1   | Reached XP level 14. HP: 66/113 MP: 23/23
 11861 | Lair:1   | Found a runed translucent door.
 11861 | Lair:1   | Noticed Dittersdorf's ghost (journeyman GrFi)
 11946 | Lair:1   | Identified the +1 short sword of the Twisting Sybil {drain,
                  | rElec rCorr MP-9}
 12670 | Lair:2   | Identified the +9 whip of Departure {heavy, rPois rF- rC+
                  | Str+2 SInv}
 12839 | Lair:2   | Reached ****** piety under Makhleb
 12859 | Lair:2   | Found a staircase to the Snake Pit.
 12890 | Lair:2   | Reached skill level 13 in Invocations
 13687 | Lair:3   | Identified the +4 robe of Sunlight {MP+9 Int+2 Stlth+}
 13839 | Lair:3   | Found a staircase to the Swamp.
 15025 | Lair:4   | Found a staircase to the Slime Pits.
 15026 | Lair:4   | Found a viscous altar of Jiyva.
 15388 | Lair:5   | Entered Level 5 of the Lair of Beasts
 15750 | Lair:5   | Reached skill level 5 in Dodging
 15777 | Lair:5   | Gained mutation: Your demonic aura causes all spilled blood
                  | to erupt in flames. [demonic ancestry]
 15777 | Lair:5   | Reached XP level 15. HP: 108/119 MP: 25/25
 16714 | Orc:1    | Entered Level 1 of the Orcish Mines
 16815 | Orc:1    | Found a runed translucent gate.
 16815 | Orc:1    | Found a runed translucent gate.
 16815 | Orc:1    | Found a runed translucent gate.
 16815 | Orc:1    | Noticed Fyreb's ghost (journeyman MiBe)
 16993 | Orc:2    | Entered Level 2 of the Orcish Mines
 17093 | Orc:2    | Found Weel's Antique Weapon Shop.
 17117 | Orc:2    | Bought a glowing morningstar for 140 gold pieces
 17213 | Orc:2    | Found Nokyval's General Store.
 17319 | Orc:2    | Found a staircase to the Elven Halls.
 18085 | Orc:2    | Found Genue's Jewellery Shop.
 18088 | Orc:2    | Found Hejilyz's Armour Emporium.
 18095 | Orc:2    | Found Zyaxex's Antique Armour Emporium.
 18107 | Orc:2    | Bought a glowing cloak for 202 gold pieces
 18120 | Orc:2    | Bought a glowing plate armour for 702 gold pieces
 18143 | Orc:2    | Bought a +4 ring of protection for 360 gold pieces
 18630 | D:13     | Reached skill level 10 in Shields
 19062 | D:13     | Noticed Azrael
 19112 | D:13     | Killed Azrael
 19467 | D:13     | Noticed Maurice
 19486 | D:13     | Killed Maurice
 19823 | D:14     | Found Anair's Self-Improvement Boutique.
 19974 | D:14     | Reached skill level 10 in Armour
 20537 | D:14     | Found a gate to the Vaults.
 20904 | D:15     | Entered Level 15 of the Dungeon
 20920 | D:15     | Reached XP level 16. HP: 93/125 MP: 26/26
 21031 | D:15     | Found a staircase to the Depths.
 21109 | D:15     | Found a broken altar of Ashenzari.
 21327 | D:15     | Found Yxut's Weapon Emporium.
 21417 | D:15     | Found Juim's Magic Scroll Boutique.
 21421 | D:15     | Bought a scroll of teleportation for 48 gold pieces
 21421 | D:15     | Bought a scroll of fog for 64 gold pieces
 21710 | Snake:1  | Entered Level 1 of the Snake Pit
 21734 | Snake:1  | Found a transporter.
 21797 | Snake:1  | Reached skill level 10 in Dodging
 22187 | Snake:1  | Got Sif Muna's Atlas of Misty Incandescence
 22303 | Snake:1  | Found a transporter.
 22306 | Snake:1  | Identified the amulet of Law {Faith Harm rPois Str-2}
 23008 | Snake:2  | Found a transporter.
 23178 | Snake:2  | Found a transporter.
 23181 | Snake:2  | Noticed speeeev's ghost (adept MiBe)
 23182 | Snake:2  | Identified the +9 sling of the Revolution {drain, rElec
                  | Will- Int+5 Dex+2}
 23184 | Snake:2  | Found a bloodstained altar of Trog.
 23195 | Snake:2  | Identified the +6 chain mail of the Dragon {rElec rC+
                  | Str+3}
 23315 | Snake:2  | Reached skill level 1 in Evocations
 24144 | Snake:3  | Reached skill level 5 in Evocations
 25370 | Snake:4  | Entered Level 4 of the Snake Pit
 25645 | Snake:4  | Gained mutation: You are robust. (+10% HP) [demonic
                  | ancestry]
 25645 | Snake:4  | Reached XP level 17. HP: 127/146 MP: 27/27
 26625 | Snake:4  | Reached skill level 14 in Invocations
 26828 | Snake:4  | Got a serpentine rune of Zot
 27022 | Swamp:1  | Entered Level 1 of the Swamp
 27087 | Swamp:1  | You are sucked into a shaft and drop 1 floor!
 27087 | Swamp:2  | Noticed Nikola
 27314 | Swamp:2  | Killed Nikola
 28926 | Swamp:3  | Reached skill level 15 in Invocations
 29224 | Swamp:3  | Gained mutation: You regenerate a lot of health from kills.
                  | [demonic ancestry]
 29224 | Swamp:3  | Reached XP level 18. HP: 160/160 MP: 29/29
 29691 | Swamp:4  | Entered Level 4 of the Swamp
 30396 | Swamp:4  | Got a decaying rune of Zot
 30894 | Elf:1    | Entered Level 1 of the Elven Halls
 31249 | Elf:1    | You are sucked into a shaft and drop 1 floor!
 31337 | Elf:2    | Reached skill level 15 in Fighting
 31387 | Elf:2    | Paralysed by an air elemental for 1 turns
 31734 | Elf:1    | Found a shimmering blue altar of Sif Muna.
 32126 | Elf:1    | Reached skill level 16 in Invocations
 32133 | Elf:1    | Reached skill level 15 in Shields
 32267 | Elf:1    | Paralysed by an air elemental for 1 turns
 32408 | Elf:1    | Reached skill level 1 in Stealth
 32623 | Elf:2    | Paralysed by an air elemental for 1 turns
 32637 | Elf:2    | Paralysed by an air elemental for 1 turns
 32810 | Elf:2    | Reached skill level 5 in Stealth
 32949 | Elf:2    | Found a runed translucent gate.
 32949 | Elf:2    | Found a runed translucent gate.
 32949 | Elf:2    | Found a runed translucent gate.
 32970 | Elf:2    | Found Ygoc's Distillery.
 33008 | Elf:2    | Bought a potion of might for 48 gold pieces
 33391 | Elf:2    | Reached XP level 19. HP: 171/171 MP: 31/31
 34280 | Elf:3    | Entered Level 3 of the Elven Halls
 34423 | Elf:3    | Paralysed by an air elemental for 1 turns
 34433 | Elf:3    | Learned a level 2 spell: Blink
 34436 | Elf:3    | Learned a level 2 spell: Lesser Beckoning
 35206 | Elf:2    | Reached skill level 1 in Translocations
 35516 | Elf:2    | Learned a level 3 spell: Vhi's Electric Charge
 35521 | Elf:2    | Learned a level 4 spell: Passage of Golubria
 35806 | Elf:3    | Reached skill level 5 in Translocations
 36205 | Elf:3    | Identified the ring "Panug" {rF+++ rC+ rN+ Str-4 Dex+3}
 36299 | Elf:3    | Identified the +6 scimitar of the Sharing Scavenger {spect,
                  | Fly Dex+3}
 36493 | Elf:3    | Identified the +8 sling of Invincibility {heavy, Will+}
 36514 | Elf:3    | Identified the +4 scale mail of Reason {Will+}
 36559 | Elf:3    | Identified the +6 hand axe of Vubbulif {freeze, rCorr}
 36562 | Elf:3    | Identified the +5 ring mail of the Purple Skies {-Tele
                  | rCorr Str+2}
 36605 | Elf:3    | Got Nen Ciot's Encyclopedia of Beguiling and the Dragon
 36606 | Elf:3    | Found the +8 storm bow {elec, penet}
 36894 | D:12     | Bought a manual of Evocations for 1280 gold pieces
 36955 | Vaults:1 | Entered Level 1 of the Vaults
 37434 | Vaults:1 | Reached skill level 10 in Evocations
 37592 | Vaults:1 | Found a transporter.
 37597 | Vaults:1 | Noticed Rinoumap's ghost (adept TrCK)
 37597 | Vaults:1 | Noticed a golden dragon
 37598 | Vaults:1 | Noticed Naox's ghost (adept KoAr)
 37613 | Vaults:1 | Found a transporter.
 37613 | Vaults:1 | Noticed Konionua's ghost (adept KoEn)
 37666 | Vaults:1 | Reached XP level 20. HP: 105/180 MP: 32/32
 37679 | Vaults:1 | Killed a golden dragon
 37692 | Vaults:1 | Killed Konionua's ghost
 37700 | Vaults:1 | Killed Rinoumap's ghost
 37769 | Vaults:1 | Killed Naox's ghost
 37774 | Vaults:1 | Identified the ring of Xom's Wantonness {rPois rF- Str+6
                  | Slay+5}
 37777 | Vaults:1 | Identified the amulet "Dapul" {Reflect rPois Str+2 SH+5}
 37794 | Vaults:1 | Identified the ring "Koameg" {rC- Str+6 Int+7}
 37795 | Vaults:1 | Identified the ring of Jubros {Will+ Int+3}
 37797 | Vaults:1 | Identified the amulet "Bapiusih" {Spirit rElec Str-3 Int+6}
 37854 | Vaults:1 | Identified the +4 falchion of the Rattlesnake {freeze,
                  | rPois rCorr}
 38162 | Vaults:1 | Reached skill level 15 in Evocations
 38269 | Vaults:1 | Found Kocof's Book Shoppe.
 38537 | Vaults:2 | Reached skill level 17 in Invocations
 39634 | Vaults:2 | Found a staircase to the Crypt.
 39649 | Vaults:2 | Reached skill level 18 in Invocations
 39811 | Vaults:3 | Found the +8 mithril axe "Arga" {speed, Will+}
 39848 | Vaults:3 | Reached skill level 1 in Axes
 40218 | Vaults:3 | Found Polerrih's Weapon Shop.
 40364 | Vaults:3 | Reached skill level 5 in Axes
 40374 | Vaults:3 | Identified the +5 long sword of Unwe {venom, rPois rC++
                  | Int-2}
 40472 | Vaults:3 | Identified the +0 leather armour of Porr {Str+3}
 40694 | Vaults:4 | Reached XP level 21. HP: 185/187 MP: 34/34
 40938 | Vaults:4 | Found Fupaecig's Magic Scroll Shoppe.
 40950 | Vaults:4 | Bought a scroll of blinking for 82 gold pieces
 40950 | Vaults:4 | Bought a scroll of acquirement for 572 gold pieces
 40950 | Vaults:4 | Acquired a manual of Armour
 40953 | Vaults:4 | Acquired 869 gold pieces
 41212 | D:12     | Bought a manual of Invocations for 1280 gold pieces
 41455 | Vaults:4 | Reached skill level 19 in Invocations
 41713 | Vaults:4 | Found Rurch's Assorted Antiques.
 41927 | Vaults:4 | Found Gonoojaq's Armour Boutique.
 41939 | Vaults:4 | Reached skill level 20 in Invocations
 42408 | Depths:1 | Entered Level 1 of the Depths
 42466 | Depths:1 | Reached skill level 10 in Axes
 42808 | Depths:1 | Reached skill level 21 in Invocations
 42870 | Depths:1 | Found a gateway to Hell.
 42986 | Depths:1 | Found a one-way gateway to a ziggurat.
 43142 | Depths:1 | Identified the +9 flail of the Whelk {freeze, *Noise rElec
                  | Str+2}
 43357 | Depths:1 | Found a one-way gate to the infinite horrors of the Abyss.
 43508 | Depths:2 | Reached skill level 22 in Invocations
 43816 | Depths:2 | Found a one-way gate leading to the halls of Pandemonium.
 44351 | Depths:3 | Paralysed by a floating eye for 2 turns
 44352 | Depths:3 | Noticed a golden dragon
 44367 | Depths:3 | Reached XP level 22. HP: 136/195 MP: 37/37
 44369 | Depths:3 | Killed a golden dragon
 44384 | Depths:3 | Reached skill level 23 in Invocations
 44567 | Depths:3 | Found Reunich's Book Boutique.
 44567 | Depths:3 | Found Wighax Cios's Jewellery Emporium.
 44568 | Depths:3 | Found Comeod's Jewellery Emporium.
 44630 | Depths:3 | Identified the +6 plate armour of Piokko {Rampage rPois
                  | rCorr Str-4}
 44665 | Depths:3 | Found a sparkling altar of Nemelex Xobeh.
 44737 | Depths:3 | Noticed a golden dragon
 44746 | Depths:3 | Killed a golden dragon
 44874 | Depths:3 | Noticed a golden dragon
 44889 | Depths:3 | Killed a golden dragon
 45217 | Depths:3 | Noticed Louise
 45267 | Depths:3 | Killed Louise
 45657 | Depths:4 | Entered Level 4 of the Depths
 45665 | Depths:4 | Noticed Sojobo
 45683 | Depths:4 | Killed Sojobo
 46025 | Depths:4 | Noticed a golden dragon
 46044 | Depths:4 | Killed a golden dragon
 46387 | Depths:4 | Found a gate to the Realm of Zot.
 46964 | Depths:3 | Voluntarily entered the Abyss.
 47039 | Abyss:2  | Found a corrupted altar of Lugonu.
 47095 | Abyss:3  | Found a corrupted altar of Lugonu.
 47331 | Abyss:3  | Reached skill level 15 in Armour
 47386 | Abyss:3  | Reached XP level 23. HP: 192/202 MP: 31/31
 47640 | Abyss:3  | Found a corrupted altar of Lugonu.
 47745 | Abyss:3  | Got an abyssal rune of Zot
 47807 | Depths:3 | Escaped the Abyss
 48052 | Vaults:5 | Entered Level 5 of the Vaults
 48062 | Vaults:4 | Reached skill level 24 in Invocations
 48175 | Vaults:5 | Reached skill level 15 in Axes
 48328 | Vaults:5 | Identified the +6 shortbow of Gopask {heavy, Int+4}
 48464 | Vaults:5 | Identified the +2 spear of Intimidation {vamp, rC+ Will+}
 48652 | Vaults:5 | Got a silver rune of Zot
 48855 | Vaults:5 | Identified the +1 mace "Baxugigu" {flame, Fragile rC+++
                  | MP+9 SInv}
 49403 | Vaults:5 | Reached skill level 25 in Invocations
 49767 | D:14     | Bought a manual of Shields for 1440 gold pieces
 49767 | D:14     | Bought a manual of Evocations for 1440 gold pieces
 49918 | Slime:1  | Entered Level 1 of the Pits of Slime
 50183 | Slime:3  | Gained mutation: You are very robust. (+20% HP) [demonic
                  | ancestry]
 50183 | Slime:3  | Reached XP level 24. HP: 194/231 MP: 39/39
 50248 | Slime:5  | Entered Level 5 of the Pits of Slime
 50536 | Slime:5  | Gained mutation: You are weak. (Str -2) [a shining eye]
 50538 | Slime:5  | Gained mutation: Your body sometimes deteriorates upon
                  | taking damage. [a shining eye]
 50712 | Slime:5  | Noticed the Royal Jelly
 50738 | Slime:5  | Killed the Royal Jelly
 51417 | Slime:5  | Got Sif Muna's Spellbook of the Collective Panacea
 51433 | Slime:5  | Got the Anthology of the Warped Crevasse
 51444 | Slime:5  | Got a slimy rune of Zot
 51449 | Slime:5  | Identified the +8 short sword of the Arena {drain, rN+
                  | Str+3}
 51483 | Slime:5  | Got Jorghodd's Incunabulum of the Phantasmal Arsonist
 51801 | Depths:1 | Lost mutation: Your body sometimes deteriorates upon taking
                  | damage. [potion of mutation]
 51801 | Depths:1 | Lost mutation: You occasionally lose the ability to read
                  | scrolls when taking damage. [potion of mutation]
 51801 | Depths:1 | Gained mutation: Your system is resistant to poisons.
                  | (rPois) [potion of mutation]
 51898 | Zot:1    | Entered Level 1 of the Realm of Zot
 52566 | Zot:1    | Identified the staff "Fiddaibb" {rC+ Will+ Ice}
 53051 | Zot:2    | Acquired 892 gold pieces
 53201 | Zot:2    | Identified the +0 leather armour "Bukhlobi" {Rampage rElec
                  | Str+3 Dex+3}
 53670 | Zot:2    | Reached skill level 26 in Invocations
 53907 | Zot:3    | Noticed an orb of fire
 54084 | Zot:3    | Gained mutation: You are vulnerable to cold. (rC-) [an orb
                  | of fire]
 54095 | Zot:3    | Gained mutation: Your magical capacity is low. (-10% MP)
                  | [an orb of fire]
 54368 | Zot:3    | Noticed an orb of fire
 54372 | Zot:3    | Gained mutation: You are very vulnerable to cold. (rC--)
                  | [an orb of fire]
 54380 | Zot:3    | Gained mutation: You are dopey. (Int -2) [an orb of fire]
 54384 | Zot:3    | Killed an orb of fire
 54457 | Zot:3    | Lost mutation: You are weak. (Str -2) [potion of mutation]
 54457 | Zot:3    | Lost mutation: Your magical capacity is low. (-10% MP)
                  | [potion of mutation]
 54457 | Zot:3    | Lost mutation: You are dopey. (Int -2) [potion of mutation]
 54457 | Zot:3    | Gained mutation: You are strong-willed. (Will+) [potion of
                  | mutation]
 54483 | Zot:3    | Gained mutation: You are extremely robust. (+30% HP)
                  | [demonic ancestry]
 54483 | Zot:3    | Reached XP level 25. HP: 236/263 MP: 40/40
 54517 | Zot:3    | Gained mutation: Your spells are a little easier to cast,
                  | but a little less powerful. [an orb of fire]
 54522 | Zot:3    | Noticed Grunn
 54536 | Zot:3    | Gained mutation: You are weak. (Str -2) [an orb of fire]
 54538 | Zot:3    | Killed an orb of fire
 54550 | Zot:3    | Killed Grunn
 54775 | Zot:3    | You fall into a shaft and drop 1 floor!
 54806 | Zot:4    | Noticed a juggernaut
 54843 | Zot:4    | Killed a juggernaut
 55020 | Zot:3    | Reached skill level 27 in Invocations
 55610 | Zot:4    | Identified the +1 ring mail of Terror {Rampage Int+4}
 55767 | Zot:4    | Noticed an orb of fire
 55769 | Zot:4    | Gained mutation: You are highly strong-willed. (Will++) [an
                  | orb of fire]
 55779 | Zot:4    | Gained mutation: Your spells are easier to cast, but less
                  | powerful. [an orb of fire]
 55791 | Zot:4    | Killed an orb of fire
 55993 | Zot:4    | Found the +4 dragonskin cloak
 55993 | Zot:4    | Noticed Tiamat
 56360 | Zot:4    | Killed Tiamat
 56818 | Zot:4    | Noticed an orb of fire
 57002 | Zot:4    | Found a runed translucent gate.
 57003 | Zot:4    | Found a runed translucent gate.
 57003 | Zot:4    | Identified the +2 cloak of the Spheres {rC+ Regen+ Slay-5}
 57004 | Zot:4    | Found a runed translucent gate.
 57040 | Zot:4    | Noticed Deah Kuhairgh's ghost (legendary GnIE)
 57101 | Zot:5    | Entered Level 5 of the Realm of Zot
 57534 | Zot:5    | Reached XP level 26. HP: 271/280 MP: 21/40
 57632 | Zot:5    | Noticed an orb of fire
 57632 | Zot:5    | Noticed an orb of fire
 57632 | Zot:5    | Noticed an orb of fire
 57632 | Zot:5    | Noticed an orb of fire
 57656 | Zot:5    | Killed an orb of fire
 57657 | Zot:5    | Gained mutation: You do not regenerate when monsters are
                  | visible. [an orb of fire]
 57659 | Zot:5    | Gained mutation: You are agile. (Dex +4, Str/Int -1) [an
                  | orb of fire]
 57664 | Zot:5    | Killed an orb of fire
 57672 | Zot:5    | Killed an orb of fire
 57675 | Zot:5    | Noticed an ancient lich
 57679 | Zot:5    | Killed an orb of fire
 57685 | Zot:5    | Noticed a dread lich
 58024 | Zot:5    | Killed a dread lich
 58195 | Zot:5    | Killed an ancient lich
 58205 | Zot:5    | Lost mutation: You are agile. (Dex +4, Str/Int -1) [potion
                  | of mutation]
 58205 | Zot:5    | Lost mutation: You do not regenerate when monsters are
                  | visible. [potion of mutation]
 58205 | Zot:5    | Gained mutation: You have supernaturally acute eyesight.
                  | (SInv) [potion of mutation]
 58206 | Zot:5    | Lost mutation: You are very vulnerable to cold. (rC--)
                  | [potion of mutation]
 58206 | Zot:5    | Lost mutation: You are weak. (Str -2) [potion of mutation]
 58206 | Zot:5    | Gained mutation: You are clumsy. (Dex -2) [potion of
                  | mutation]
 58206 | Zot:5    | Lost mutation: You are vulnerable to cold. (rC-) [potion of
                  | mutation]
 58206 | Zot:5    | Gained mutation: Your muscles are strong. (Str +4, Int/Dex
                  | -1) [potion of mutation]
 58381 | Zot:5    | Reached skill level 15 in Dodging
 58469 | Zot:5    | Noticed an orb of fire
 58481 | Zot:5    | Killed an orb of fire
 58556 | Zot:5    | Noticed an orb of fire
 58582 | Zot:5    | Noticed an orb of fire
 58589 | Zot:5    | Killed an orb of fire
 58606 | Zot:5    | Killed an orb of fire
 58711 | Zot:5    | Noticed an orb of fire
 58747 | Zot:5    | Killed an orb of fire
 58759 | Zot:5    | Noticed an orb of fire
 58761 | Zot:5    | Noticed a dread lich
 58778 | Zot:5    | Killed an orb of fire
 58795 | Zot:5    | Killed a dread lich
 58799 | Zot:5    | Noticed an orb of fire
 58811 | Zot:5    | Gained mutation: Your spells are much easier to cast, but
                  | much less powerful. [an orb of fire]
 58836 | Zot:5    | Killed an orb of fire
 58846 | Zot:5    | Got the Orb of Zot
 59010 | Zot:2    | Noticed Veaw the pandemonium lord
 59010 | Zot:2    | Noticed an ancient lich
 59397 | D:11     | Noticed Fesaqyrr the pandemonium lord
 59423 | D:11     | Killed Fesaqyrr the pandemonium lord
 59591 | D:5      | Killed lessens's ghost
 59595 | D:5      | Killed hashsling's ghost
 59597 | D:5      | Killed Newt's ghost
 59635 | D:4      | Noticed Buumo the pandemonium lord
 59824 | D:$      | Escaped with the Orb!

Illustrated notes

Levels and vault maps discovered:
D:1:      dpeg_arrival_long_road, layout_basic
D:2:      layout_basic, shapermc_ecumenical_altar_rom_forum, grunt_ministairs_7
D:3:      layout_rooms, nicolae_overflow_hidden_temple,
          kennysheep_generic_room_13, uniq_natasha, uniq_robin
D:4:      layout_basic, minmay_overflow_temple_star_quad,
          nicolae_ru_awakened_eye, minmay_temple_entry_nine_rooms
D:5:      layout_rooms, gammafunk_ghost_cemetery, serial_co_window_serial,
          co_window_paths_a, co_window_corner_a, co_window_of_opportunity_a,
          co_window_corner_a, co_window_of_opportunity_a, co_window_paths_a,
          co_window_paths_b, co_window_corner_a, co_window_corner_a,
          co_window_paths_c, co_window_broadway_a, co_window_of_opportunity_c,
          co_window_corner_cb, co_window_broadway_a, glass_columns_b,
          glass_columns_a, glass_columns_a, uniq_ijyb
D:6:      layout_cave_pools, uniq_menkaure
D:7:      nicolae_cairo_tiling_large, layout_rooms, grunt_ministairs_5
D:8:      layout_basic, kennysheep_vampire_church, mainiacjoe_overflow_chevrons,
          serial_shops, nicolae_shop_hallway_stairs, uniq_psyche
D:9:      layout_roguey, grunt_temple_overflow_open, enter_bailey_2,
          hangedman_decor_points, st_stairs_11, jiyva_altar_1
D:10:     layout_basic, grunt_gozag_statues, serial_shops,
          nicolae_shop_tiny_real_fake_doors, uniq_sonja, uniq_josephine
D:11:     layout_basic, minmay_lair_entry_lava, nicolae_trove_entry_diagonal,
          demons_altar
D:12:     layout_basic, orc_david_3, serial_shops, nicolae_stop_n_shop_1,
          serial_ice, serial_ice_o, serial_ice_d, serial_ice_e, serial_ice_f,
          serial_ice_m, serial_ice_b, portal_ice_cave_entry_animals_and_master,
          nicolae_shop_vocational, uniq_urug
D:13:     layout_irregular_city, chequers_serial_rivers_micro_c,
          corexii_corridor_pit, nicolae_doodle_vault, uniq_maurice, uniq_azrael
D:14:     layout_basic, david_vaults_4, nicolae_shop_self_help
D:15:     hangedman_depths_entry_civil_slaughter, layout_cave_pools,
          serial_shops, nicolae_square_shop, shop, nicolae_ashenzari_panopticon
Lair:1:   layout_loops_ring, hellmonk_ghost_happy_afterlife, grunt_megastairs_1,
          lemuel_fruit_tree, uniq_maggie
Lair:2:   layout_small_grid, minmay_snake_entry_six_corridors
Lair:3:   layout_chaotic_city, swamp_mist_pool, chequers_serial_rivers_micro_e,
          wad_woods_road_04, grunt_megastairs_3
Lair:4:   layout_gridlike, slime_entry_1, st_stairs_4, minmay_lair_drake_nest
Lair:5:   grunt_lair_end_beastmaster, layout_cave_pods,
          infiniplex_staircase_pool_2, grunt_megastairs_4
Swamp:1:  layout_falls_marsh, evilmike_swamp_ruin_house_2, swamp_pool1,
          nicolae_swamp_frolicking_bunyips
Swamp:2:  layout_falls_marsh, nicolae_swamp_fairy_circle, swamp_pool1,
          nzn_swamp_dancing_lights, uniq_nikola
Swamp:3:  layout_basic_swamp, evilmike_swamp_ruin_house_3, swamp_pool3
Swamp:4:  swamp_alternative, layout_basic_swamp
Snake:1:  gammafunk_sealed_arena, layout_chambers, special_room,
          grunt_megastairs_5
Snake:2:  layout_honeycomb, gammafunk_ghost_wrathful_warriors
Snake:3:  layout_chambers, nicolae_triple_integral
Snake:4:  grunt_snake_rune_pools, layout_cave_town, st_stairs_14
Slime:1:  layout_caves, nicolae_slime_ancient_tower_intersection,
          cheibrodos_slime_lost_civilization_6
Slime:2:  layout_caves
Slime:3:  layout_caves
Slime:4:  layout_caves
Slime:5:  slime_pit_nicolae_royal_road_to_ruin
Orc:1:    layout_caves, gammafunk_ghost_necromancy
Orc:2:    st_orc_elflike, layout_caves, serial_shops, nicolae_diamond_shop
Elf:1:    minmay_elf_arrival_summoners, layout_onion_city, basic_altar,
          kennysheep_underground_church, st_stairs_7, guppyfry_library_mini
Elf:2:    elven_hall_of_blades_hangedman_original
          [nicolae_blade_entry_sentries_behind_glass], layout_onion_city,
          serial_glass, glass_columns_a, glass_columns_a, serial_shops, shop,
          st_stairs_1, evilmike_ambush [evilmike_ambush_outer_corners,
          evilmike_ambush_inner_basic]
Elf:3:    minmay_elf_hall_hex, layout_loops_corners,
          nicolae_elf_variegated_diamond
Vaults:1: nzn_ghost_randoct, nicolae_vaults_network_quincunx
          [nicolae_vaults_network_quincunx_subvault,
          nicolae_vaults_network_quincunx_subvault,
          nicolae_vaults_network_quincunx_subvault,
          nicolae_vaults_network_quincunx_subvault,
          nicolae_vaults_network_quincunx_subvault], hangedman_vaults_stream,
          nicolae_vaults_closet_pinwheel_5, nicolae_vaults_trapezoid_lopsided_4,
          nicolae_vaults_frosty_reception, vaults_mumra_chevron_long,
          ontoclasm_vaults_decontamination, nicolae_vaults_alarming,
          vaults_room_semicircle, nicolae_vaults_surprise_closet,
          nicolae_vaults_house_2, layout_vaults_omnicross, serial_shops, shop
Vaults:2: nicolae_vaults_holding_cells, minmay_crypt_entry_simple_round,
          nicolae_vaults_network_periphery, hangedman_vaults_unwind,
          nicolae_vaults_heart-shaped_vault, hangedman_vaults_locks,
          v_pattern_2, nicolae_vaults_little_squares_1, layout_vaults_omnigrid
Vaults:3: nicolae_vaults_rhombus_5, nicolae_vaults_enemy_cabinets,
          nicolae_vaults_network_quinsquares
          [nicolae_vaults_network_quincunx_subvault,
          nicolae_vaults_network_quincunx_subvault,
          nicolae_vaults_network_quincunx_subvault,
          nicolae_vaults_network_quincunx_subvault],
          nicolae_vaults_taking_the_gang_shopping,
          nicolae_vaults_storage_closets_2, grunt_vaults_hallway_long,
          nicolae_vaults_diamond_2, nicolae_vaults_circle_grid_b,
          hangedman_vaults_pinch, nicolae_vaults_sightless_eye,
          layout_vaults_ring
Vaults:4: grunt_vaults_funneled_arena, ontoclasm_vaults_bender,
          nicolae_vaults_trapezoid_lopsided_3, nicolae_vaults_six-pack,
          nicolae_vaults_closet_pinwheel_2, hangedman_vaults_restitches,
          nicolae_vaults_surprise_closet, nicolae_vaults_what_the_h,
          nicolae_vaults_trapezoid_layered, nicolae_vaults_tangram_2,
          dpeg_vaults_monster_box, nicolae_vaults_apartment_1,
          layout_vaults_big_room, serial_shops, shop,
          nicolae_shop_gibbet_a_chance
Vaults:5
Depths:1: layout_basic, ziggurat_fallback, pf_vacation_house_of_asmodeus,
          minmay_room_of_horrors, nrook_campfire, tso_oasis_becter,
          serial_bayou_shore_a
Depths:2: kennysheep_funnel, layout_cave_pools, abyss_entry,
          nicolae_twisty_statue_hallways, rand_demon_pan_entry_7, hell_entry,
          patterned_corridor, infiniplex_staircase_zigzag_2
Depths:3: minmay_tri_box, layout_gridlike,
          nicolae_abyss_entry_one_way_or_another, nemelex_spade_bored_becter,
          hell_entry, pan_entry, minmay_shop_grove,
          infiniplex_staircase_hallway_doors
Depths:4: grunt_x_marks_the_spot, layout_honeycomb, minmay_misc_feat_doors,
          hell_entry, grunt_pan_entry_in_and_out, uniq_sojobo
Zot:1:    layout_gridlike
Zot:2:    layout_basic, grunt_megastairs_2
Zot:3:    lemuel_acid_trip, layout_onion, uniq_grunn
Zot:4:    ebering_greatest_show_in_zot, layout_misc_corridors,
          gammafunk_ghost_tricky_traps, nrook_zot_tub, uniq_tiamat
Zot:5:    layout_twisted_circle, grunt_ministairs_1

Skill      XL: |  1  2  3  4  5  6  7  8  9 10 11 12 13 14 15 16 17 18 19 20 21 22 23 24 25 26 |
---------------+-------------------------------------------------------------------------------+-----
Maces & Flails | 3 4 5 7 8 9 10 12 14 15 16 | 16.0
Necromancy     | 1 2 3 |  3.0
Fighting       | 4 6 8 11 12 14 15 16 17 19 21 | 21.0
Invocations    | 1 5 8 9 11 12 13 15 16 18 22 23 25 26 27 | 27.0
Armour         | 2 5 7 10 15 16 | 16.4
Shields        | 3 7 9 10 12 13 15 16 19 21 23 | 23.0
Dodging        | 5 9 10 12 14 16 | 16.2
Evocations     | 8 11 16 | 16.0
Stealth        | 6 8 |  8.0
Translocations | 8 |  8.2
Axes           | 5 11 14 15 | 15.7
Spellcasting   | |  2.0
Conjurations   | |  3.0

Action                     |  1- 3 |  4- 6 |  7- 9 | 10-12 | 13-15 | 16-18 | 19-21 | 22-24 | 25-27 || total
---------------------------+-------+-------+-------+-------+-------+-------+-------+-------+-------++-------
  Melee: Mace              |   137 |   121 |       |       |       |       |       |       |       ||   258
         Punch             |     2 |     1 |     1 |    11 |       |       |       |       |       ||    15
         Flail             |       |    97 |   265 |   549 |       |       |       |       |       ||   911
         Unarmed           |       |       |    19 |       |       |       |       |       |       ||    19
         Morningstar       |       |       |       |       |  1903 |  1705 |   894 |       |       ||  4502
         Broad axe         |       |       |       |       |       |       |   707 |  2183 |  1205 ||  4095
   Cast: Lesser Beckoning  |       |       |       |       |       |       |     3 |       |     4 ||     7
         Blink             |       |       |       |       |       |       |       |     2 |     2 ||     4
 Invoke: Minor Destruction |       |       |       |     6 |     8 |     4 |    93 |     1 |       ||   112
         Lesser Servant of |       |       |       |       |     5 |    11 |    10 |       |       ||    26
         Major Destruction |       |       |       |       |       |     5 |     2 |     2 |       ||     9
         Greater Servant o |       |       |       |       |       |       |       |     2 |     5 ||     7
  Evoke: Wand              |       |       |       |       |     2 |    14 |       |    10 |     4 ||    30
         Tin of tremorston |       |       |       |       |       |       |       |     2 |       ||     2
         Phial of floods   |       |       |       |       |       |       |       |     1 |       ||     1
    Use: Scroll            |       |    14 |     3 |     7 |     7 |     8 |     4 |    10 |    13 ||    66
         Potion            |       |     1 |       |     3 |     4 |     5 |     2 |     9 |    25 ||    49
   Stab: Invisible         |       |       |       |     5 |       |       |       |       |     9 ||    14
         Petrified         |       |       |       |       |    16 |       |       |       |       ||    16
         Paralysed         |       |       |       |       |       |     9 |       |       |       ||     9
         Confused          |       |       |       |       |       |     3 |       |       |       ||     3
         Distracted        |       |       |       |       |       |     1 |     8 |       |     3 ||    12
         Sleeping          |       |       |       |       |       |       |       |     2 |       ||     2
 Armour: Leather armour    |    33 |    91 |    72 |       |       |       |       |       |       ||   196
         Skin              |       |       |     4 |       |       |       |       |       |       ||     4
         Troll leather arm |       |       |    37 |    27 |       |       |       |       |       ||    64
         Chain mail        |       |       |       |   230 |   454 |       |   413 |   612 |   368 ||  2077
         Plate armour      |       |       |       |       |   189 |   799 |    47 |       |       ||  1035
  Dodge: Dodged            |    90 |   144 |   128 |   189 |   357 |   346 |   370 |   552 |   317 ||  2493
  Block: Other             |       |    46 |    67 |   105 |       |       |       |       |     2 ||   220
         Reflection        |       |       |     2 |     2 |    33 |    93 |    80 |    23 |     9 ||   242
         Kite shield       |       |       |       |    59 |  1218 |  1286 |  1080 |  1316 |   758 ||  5717

Table legend: (Time is in decaauts)
 A = Elapsed time spent in this place.
 B = Non-inter-level travel time spent in this place.
 C = Inter-level travel time spent in this place.
 D = Time resting spent in this place.
 E = Time spent auto-exploring this place.
 F = Levels seen in this place.
 G = Mean time per level.
                   A        B        C        D        E       F      G
               +--------+--------+--------+--------+--------+-----+--------+
         Total |  57143 |  52951 |   4192 |   6078 |  29974 |  57 | 1002.5 |
       Dungeon |  14870 |  13288 |   1582 |    860 |   8185 |  15 |  991.3 |
          Lair |   5477 |   4991 |    486 |    193 |   3758 |   5 | 1095.4 |
         Swamp |   3462 |   3382 |     80 |    482 |   1866 |   4 |  865.5 |
     Snake Pit |   5146 |   4928 |    218 |    569 |   3152 |   4 | 1286.5 |
    Slime Pits |   1544 |   1431 |    113 |    630 |    113 |   5 |  308.8 |
  Orcish Mines |   1716 |   1609 |    107 |    380 |    625 |   2 |  858.0 |
   Elven Halls |   5574 |   5395 |    179 |   1417 |   1992 |   3 | 1858.0 |
        Vaults |   6587 |   5861 |    726 |     80 |   4032 |   5 | 1317.4 |
        Depths |   4688 |   4217 |    471 |    167 |   3124 |   4 | 1172.0 |
           Zot |   6287 |   6060 |    227 |   1221 |   2933 |   5 | 1257.4 |
         Abyss |    695 |    695 |      0 |      0 |      8 |   3 |  231.7 |
        Bailey |    334 |    334 |      0 |     19 |     39 |   1 |  334.0 |
      Ice Cave |    757 |    757 |      0 |     57 |    144 |   1 |  757.0 |
               +--------+--------+--------+--------+--------+-----+--------+

Top non-repeatable levels by time:
   Elf:2: 2616 daAuts
 Snake:3: 1701 daAuts
     D:2: 1688 daAuts
   Elf:3: 1662 daAuts
Vaults:1: 1654 daAuts
    D:13: 1517 daAuts
   Zot:5: 1512 daAuts
   Zot:3: 1488 daAuts
 Snake:4: 1380 daAuts
    D:14: 1366 daAuts
Vaults:5: 1350 daAuts
   Zot:2: 1301 daAuts
   Elf:1: 1295 daAuts
Depths:3: 1282 daAuts
Vaults:4: 1261 daAuts
